 Dungeon Crawl Stone Soup version 0.28.0-53-g5a82cb258f (webtiles) character file.

Game seed: 12594236751045821191

869 cbfl8 the Chopper (level 7, -1/63 HPs)
             Began as a Minotaur Berserker on Nov 16, 2022.
             Was a Believer of Trog.
             Slain by an orc
             ... wielding a +0 flail
              (7 damage)
             ... on level 5 of the Dungeon.
             The game lasted 00:03:41 (5348 turns).

cbfl8 the Chopper (Minotaur Berserker)              Turns: 5348, Time: 00:03:42

Health: -1/63      AC:  8    Str: 28    XL:     7   Next: 73%
Magic:  6/6        EV:  8    Int:  4    God:    Trog [**....]
Gold:   131        SH: 11    Dex: 11    Spells: 6/6 levels left

rFire   . . .      SeeInvis .   q - +1 hand axe (flame)
rCold   . . .      Faith    .   x - +0 tower shield
rNeg    . . .      Spirit   .   i - +0 ring mail
rPois   .          Reflect  .   (helmet restricted)
rElec   .          Harm     .   (no cloak)
rCorr   .          Rampage  .   y - +0 pair of gloves
Will    +....                   k - +0 pair of boots
Stlth   +.........              (no amulet)
HPRegen 0.20/turn               d - +6 ring of strength
MPRegen 0.10/turn               a - ring of willpower

@: no status effects
A: horns 2, retaliatory headbutt
a: Renounce Religion, Berserk, Trog's Hand


You were on level 5 of the Dungeon.
You worshipped Trog.
Trog was pleased with you.
You visited 1 branch of the dungeon, and saw 5 of its levels.

You collected 131 gold pieces.

Inventory:

Hand Weapons
 q - a +1 hand axe of flaming (weapon)
Armour
 i - a +0 ring mail (worn)
 j - a +0 kite shield
 k - a +0 pair of boots (worn)
 x - a +0 tower shield (worn)
 y - a +0 pair of gloves (worn)
Jewellery
 a - a ring of willpower (right hand)
 d - a +6 ring of strength (left hand)
 w - a +6 ring of intelligence
Scrolls
 b - a scroll of noise {unknown}
 c - a scroll of fear {unknown}
 g - 2 scrolls of identify {unknown}
 l - a scroll of holy word {unknown}
 m - a scroll of silence {unknown}
 n - a scroll of immolation {unknown}
 o - 2 scrolls of teleportation {unknown}
 p - a scroll of enchant weapon {unknown}
 r - a scroll of amnesia {unknown}
Potions
 e - a potion of cancellation {unknown}
 f - 3 potions of degeneration {unknown}
 h - 4 potions of attraction {unknown}
 s - a potion of resistance {unknown}
 t - a potion of mutation {unknown}
 u - a potion of curing {unknown}
 v - a potion of brilliance {unknown}


   Skills:
 * Level 6.2 Fighting
 * Level 6.9 Axes
 + Level 4.2 Armour
 * Level 4.2 Dodging
 + Level 0.7 Stealth
 + Level 2.0 Shields
 * Level 2.4 Evocations


You had 6 spell levels left.
You didn't know any spells.
Your spell library was empty.

Dungeon Overview and Level Annotations

Branches:
Dungeon (5/15)
 Temple: D:4-7

Altars:
Yredelemnul


Innate Abilities, Weirdness & Mutations

You have a pair of horns on your head.
You reflexively headbutt those who attack you in melee.


Message History

An ogre comes into view. It is wielding a +0 giant spiked club.
An orc priest comes into view. It is wielding a +0 dagger.
The ogre shouts!
The orc throws a silver boomerang.
You block the silver boomerang.
The orc priest invokes the aid of Beogh against you.
Beogh smites you!
There are monsters nearby!
An orc comes into view. It is wielding a +0 flail.
There are monsters nearby!
There are monsters nearby!
You slash the ogre! You burn the ogre.
The ogre is heavily wounded.
The ogre completely misses you.
The orc throws a silver boomerang.
The silver boomerang hits you but does no damage.
The orc priest calls down the wrath of Beogh upon you.
Beogh smites you!
There are monsters nearby!
You hit the ogre. You burn the ogre.
The ogre is severely wounded.
You slash the orc! You burn the orc.
You kill the orc!
Trog accepts your kill. You block the ogre's attack.
Unknown command.
You hit the ogre. You burn the ogre. Your headbutt misses the ogre.
The ogre is almost dead.
The ogre hits you with a +0 giant spiked club!!
The orc priest casts a cantrip, but nothing happens.
The orc priest calls down the wrath of Beogh upon you.
Beogh smites you!
* * * LOW HITPOINT WARNING * * *
You are too injured to fight recklessly!
Unknown command.
You are too injured to fight recklessly!
Unknown command.
You slash the ogre! You burn the ogre.
You kill the ogre!
Trog accepts your kill.
You barely miss the orc. The orc hits you with a +0 flail!
You die...

####### #####
##.....### #...##
####.........
#....###............
#....#...##.........
#.....#####.........
#.....## #.@o.o....
#......## #.).......
##.......#
#.........
#..>.....#
##........
#........##
#........
#.........#
#........
#.........#
##.......
#........)# .......
##........#


You could see an orc priest and an orc.

Vanquished Creatures
  Sigmund (D:3)
  A black bear (D:4)
  2 ogres
  2 kobold brigands
  A hound (D:4)
  3 orc priests
  Jessica (D:3)
  A gnoll shaman (D:5)
  An orc wizard (D:3)
  9 gnolls
  2 adders
  A white imp (D:5)
  2 worms
  A dart slug (D:5)
  10 orcs
  4 ball pythons
  3 bats
  3 endoplasms
  3 giant cockroaches
  4 goblins
  6 hobgoblins
  7 jackals
  2 quokkas
  A frilled lizard (D:3)
  10 kobolds
  A quokka skeleton (D:4)
  3 rats
85 creatures vanquished.

Notes
Turn   | Place    | Note
-------+----------+-------------------------------------------
     0 | D:1      | cbfl8 the Minotaur Berserker began the quest for the Orb.
     0 | D:1      | Reached XP level 1. HP: 19/19 MP: 0/0
   820 | D:1      | Reached XP level 2. HP: 27/27 MP: 1/1
  1254 | D:2      | Reached XP level 3. HP: 20/34 MP: 2/2
  1656 | D:2      | Reached XP level 4. HP: 31/41 MP: 3/3
  1961 | D:2      | Reached skill level 5 in Fighting
  2288 | D:3      | Found a faded altar of an unknown god.
  2441 | D:3      | Reached XP level 5. HP: 42/48 MP: 4/4
  2442 | D:3      | Reached skill level 1 in Evocations
  2443 | D:3      | Reached ** piety under Trog
  2600 | D:3      | Noticed Jessica
  2610 | D:3      | Killed Jessica
  2611 | D:3      | Reached skill level 5 in Axes
  2960 | D:3      | Noticed Sigmund
  2966 | D:3      | Killed Sigmund
  2967 | D:3      | Reached skill level 1 in Shields
  2967 | D:3      | Reached XP level 6. HP: 56/56 MP: 5/5
  3044 | D:3      | Found a basalt altar of Yredelemnul.
  3843 | D:4      | Reached XP level 7. HP: 57/62 MP: 6/6
  4863 | D:5      | Entered Level 5 of the Dungeon
  5348 | D:5      | Slain by an orc

Illustrated notes

Levels and vault maps discovered:
D:1:      roderic_octagonal_star, layout_basic,
          nicolae_concentric_dashed_squares_mild, chequers_serial_rivers_room_b
D:2:      layout_loops_ring
D:3:      layout_loops_ring, mainiacjoe_overflow_paths,
          nicolae_ecumenical_pavilion, uniq_jessica, uniq_sigmund
D:4:      layout_cave_pods, chequers_serial_rivers_micro_c
D:5:      layout_cave_pods, mainiacjoe_overflow_brackets

Skill      XL: |  1  2  3  4  5  6  7 |
---------------+----------------------+-----
Fighting       | 4 5 6 |  6.2
Axes           | 4 5 6 |  6.9
Dodging        | 3 4 |  4.2
Evocations     | 1 2 |  2.4
Armour         | 3 4 |  4.2
Shields        | 1 2 |  2.0
Stealth        | |  0.7

Action                   |  1- 3 |  4- 6 |  7- 9 || total
-------------------------+-------+-------+-------++-------
Melee: Hand axe          |    59 |    66 |    55 ||   180
       Headbutt          |     4 |    11 |     8 ||    23
Invok: Berserk           |     1 |     1 |     1 ||     3
Armor: Animal skin       |     4 |       |       ||     4
       Ring mail         |     4 |    27 |    30 ||    61
Dodge: Dodged            |    51 |    24 |    24 ||    99
Block: Kite shield       |    14 |    20 |     8 ||    42
       Tower shield      |       |       |    22 ||    22
